 Dungeon Crawl Stone Soup version 0.31-a0-263-ge8cad7f256 (webtiles) character file.

Game seed: 11414974454508095536

250 qw the Shooter (level 5, -7/45 HPs)
             Began as a Minotaur Hexslinger on July 13, 2023.
             Was an Initiate of Okawaru.
             Killed by divine providence
             ... invoked by an orc priest
              (10 damage)
             ... on level 5 of the Dungeon.
             The game lasted 00:01:18 (2984 turns).

qw the Shooter (Minotaur Hexslinger)                Turns: 2984, Time: 00:01:19

Health: -7/45      AC:  6    Str: 13    XL:     5   Next: 88%
Magic:  5/5        EV: 11    Int: 10    God:    Okawaru [......]
Gold:   240        SH:  0    Dex: 14    Spells: 5/6 levels left

rFire   . . .        Y - +2 sling
rCold   + . .        (no shield)
rNeg    . . .        e - +0 ring mail
rPois   .            (helmet restricted)
rElec   .            (no cloak)
rCorr   .            (no gloves)
SInv    .            j - +0 pair of boots
Will    .....        (no amulet)
Stlth   +            a - ring of protection from cold
HPRegen 0.27/turn    (no ring)
MPRegen 0.09/turn

%: no passive effects
@: no status effects
A: horns 2, retaliatory headbutt
a: Renounce Religion


You were on level 5 of the Dungeon.
You worshipped Okawaru.
Okawaru was noncommittal.
You visited 2 branches of the dungeon, and saw 6 of its levels.

You collected 240 gold pieces.


Innate Abilities, Weirdness & Mutations

You have a pair of horns on your head.
You reflexively headbutt those who attack you in melee.


   Skills:
 - Level 3.1 Fighting
 + Level 5.8 Ranged Weapons
 - Level 2.1 Armour
 - Level 2.1 Dodging
 - Level 1.0 Spellcasting
 - Level 2.0 Hexes


You had 5 spell levels left.
You knew the following spells:

 Your Spells              Type           Power      Damage    Failure   Level
a - Slow                  Hex            16%        N/A       32%         1

Your spell library contained the following spells:

 Spells                   Type           Power      Damage    Failure   Level
 Inner Flame              Hex/Fire       2%         N/A       82%         3
 Portal Projectile        Hex/Tloc       4%         N/A       82%         3
 Cause Fear               Hex            2%         N/A       97%         4

Inventory:

Hand Weapons
 Y - a +2 sling (weapon)
Armour
 e - a +0 ring mail (worn)
 j - a +0 pair of boots (worn)
Jewellery
 a - a ring of protection from cold (left hand)
 l - a ring of ice
Scrolls
 f - 2 scrolls of identify
 i - a scroll of teleportation
Potions
 b - a potion of cancellation {unknown}
 c - a potion of might
 d - a potion of invisibility {unknown}
 g - a potion of haste {unknown}
 h - a potion of heal wounds {unknown}
 k - a potion of curing {unknown}
 m - a potion of enlightenment {unknown}

Dungeon Overview and Level Annotations

Branches:
Dungeon (5/15)             Temple (1/1) D:4

Altars:
Ashenzari
Cheibriados
Dithmenos
Elyvilon
Fedhas
Gozag
Hepliaklqana
Kikubaaqudgha
Makhleb
Nemelex Xobeh
Okawaru
Qazlal
Ru
Sif Muna
Trog
Uskayaw
Vehumet
Xom
Yredelemnul


Message History

The orc wizard mumbles some strange words.
The orc wizard flickers and vanishes!
Deactivating autopickup; reactivate with Ctrl-A.
Something tries to affect you, but you resist.
You shoot a sling bullet.
The sling bullet closely misses the orc.
You shoot a sling bullet.
The sling bullet closely misses the orc.
The orc priest hits you from afar with a +0 trident.
The orc completely misses you.
You shoot a sling bullet.
The sling bullet closely misses the orc.
The orc priest hits you from afar with a +0 trident.
The orc closely misses you.
You shoot a sling bullet. The sling bullet hits the orc.
You kill the orc!
The orc priest hits you from afar with a +0 trident.
The orc priest looks braver for a moment.
You shoot a sling bullet.
The sling bullet closely misses the orc priest.
The orc priest barely misses you. Something hits you but does no damage.
You shoot a sling bullet.
The sling bullet hits the orc priest but does no damage.
The orc priest completely misses you. Something hits you but does no damage.
You shoot a sling bullet.
The sling bullet closely misses the orc priest.
The orc priest calls down the wrath of Beogh upon you.
Beogh smites you! Something hits you.
You shoot a sling bullet.
The sling bullet hits the orc priest but does no damage.
The orc priest hits you but does no damage.
You hear some strange, mumbled words.
Something tries to affect you, but you resist.
You shoot a sling bullet. The sling bullet hits the orc priest.
The orc priest is lightly wounded.
The orc priest invokes the aid of Beogh against you.
Beogh smites you! Something hits you but does no damage.
The orc priest calls down the wrath of Beogh upon you.
Beogh smites you!
You die...

#.. #.. #..# ##...#
###....## #
.....o.?#.#
#....)#.# #.@..#
#..### #..# ####..#
#>....# #.##..# #
#..### #.#
#.##....###.#######
.................
..#


You could see an orc priest.

Vanquished Creatures
  A hound (D:3)
  2 sleepcaps (D:4)
  9 adders
  2 dart slugs
  3 orcs
  6 endoplasms
  2 giant cockroaches
  5 goblins
  4 hobgoblins
  2 jackals (D:2)
  10 kobolds
  3 quokkas
  13 ball pythons
  7 bats
  2 frilled lizards
  5 rats
76 creatures vanquished.

Notes
Turn   | Place    | Note
-------+----------+-------------------------------------------
     0 | D:1      | qw the Minotaur Hexslinger began the quest for the Orb.
     0 | D:1      | Reached XP level 1. HP: 16/16 MP: 1/1
     0 | D:1      | 0 ||| qw: Version: 0.3-a-52-g30416fa
     0 | D:1      | 0 ||| qw: Game counter: 7189
     0 | D:1      | 0 ||| qw: Melee chars always use a shield: true
     0 | D:1      | 0 ||| qw: God list: Okawaru
     0 | D:1      | 0 ||| qw: Allow faded altars: false
     0 | D:1      | 0 ||| qw: Do Orc after clearing Dungeon:15 true
     0 | D:1      | 0 ||| qw: Do second Lair branch before Depths: true
     0 | D:1      | 0 ||| qw: Lair rune preference: random
     0 | D:1      | 0 ||| qw: Goals: Normal
     0 | D:1      | 0 ||| PLANNING D:1-11
   164 | D:1      | Reached skill level 3 in Ranged Weapons
   164 | D:1      | Reached XP level 2. HP: 23/23 MP: 2/2
   369 | D:1      | 369 ||| UPGRADING to +0 leather armour.
   379 | D:1      | 379 ||| DROPPING +0 robe.
   380 | D:1      | 380 ||| DROPPING ring of magical power.
   381 | D:1      | 381 ||| READING scroll labelled QARUDI XANAXU.
   382 | D:1      | 382 ||| READING scroll labelled IHASMO PEENYAD.
   383 | D:1      | 383 ||| DROPPING scroll of poison.
   483 | D:2      | Found a faded altar of an unknown god.
   697 | D:2      | Reached XP level 3. HP: 29/29 MP: 3/3
   732 | D:2      | Found the +7 Throatcutter {drain, coup de grace}
   868 | D:2      | Reached skill level 4 in Ranged Weapons
  1058 | D:2      | 1058 ||| UPGRADING to +0 ring mail.
  1068 | D:2      | 1068 ||| DROPPING +0 leather armour.
  1069 | D:2      | 1069 ||| READING scroll labelled ORHAIR TOSHETO.
  1070 | D:2      | 1070 ||| READING scroll labelled QOD JEOGAZOCUOCI.
  1106 | D:3      | You fall into a shaft and drop 1 floor!
  1120 | D:4      | HP: 7/29 [sleepcap (15)]
  1122 | D:4      | Reached XP level 4. HP: 9/36 MP: 4/4
  1321 | D:4      | 1321 ||| UPGRADING to ring of protection from cold.
  1322 | D:4      | 1322 ||| DRINKING 2 fuming clear potions.
  1359 | D:3      | Found a shadowy altar of Dithmenos.
  1507 | D:3      | Reached skill level 5 in Ranged Weapons
  1507 | D:3      | Reached XP level 5. HP: 39/41 MP: 5/5
  1681 | D:3      | Found a shimmering altar of Xom.
  1761 | D:3      | Found a sparkling altar of Nemelex Xobeh.
  1882 | D:3      | Reached skill level 3 in Fighting
  2103 | D:3      | 2103 ||| UPGRADING to +0 pair of boots.
  2108 | D:3      | 2108 ||| READING scroll labelled LAAKIA BOCI BEW.
  2109 | D:3      | 2109 ||| DRINKING 2 metallic inky potions.
  2214 | D:3      | 2214 ||| DROPPING potion of berserk rage.
  2224 | D:4      | 2224 ||| STAIRDANCE
  2227 | D:3      | HP: 9/45 [orc priest/divine providence (11)]
  2228 | D:3      | 2228 ||| READING 2 scrolls of teleportation.
  2497 | D:4      | Found a staircase to the Ecumenical Temple.
  2498 | D:4      | 2498 ||| PLANNING TEMPLE
  2506 | Temple   | Entered the Ecumenical Temple
  2507 | Temple   | 2507 ||| PLANNING OKAWARU WORSHIP
  2661 | Temple   | Became a worshipper of Warmaster Okawaru
  2662 | Temple   | 2662 ||| PLANNING D:1-11
  2921 | D:4      | 2921 ||| READING scroll labelled ZUSECW JEUNWUC.
  2933 | D:5      | Entered Level 5 of the Dungeon
  2984 | D:5      | HP: 3/45 [orc priest/divine providence (11)]
  2984 | D:5      | Killed from afar by an orc priest

Levels and vault maps discovered:
D:1:      minmay_arrival_five_plusses, layout_rooms
D:2:      layout_loops_ring, basic_ecumenical_altar
D:3:      layout_rooms, nemelex_altar_shiori, overflow_temple_1_default,
          grunt_dithmenos_smoke, minmay_snake_closets
D:4:      layout_cave_pools, minmay_temple_entry_crystal_x, chequers_mini_garden
D:5:      layout_loops_ring, lemuel_round_altar, zin_treasury, uniq_duvessa
Temple:   nicolae_temple_bog_church

Skill      XL: |  1  2  3  4  5 |
---------------+----------------+-----
Ranged Weapons | 3 4 5 |  5.8
Fighting       | 2 3 |  3.1
Armour         | 2 |  2.1
Dodging        | |  2.1
Spellcasting   | |  1.0
Hexes          | |  2.0

Action                     |  1- 3 |  4- 6 || total
---------------------------+-------+-------++-------
   Fire: Sling             |   127 |   138 ||   265
    Use: Scroll            |     4 |     3 ||     7
         Potion            |       |     2 ||     2
 Armour: Robe              |     2 |       ||     2
         Leather armour    |    11 |       ||    11
         Ring mail         |     2 |    35 ||    37
  Dodge: Dodged            |    33 |    50 ||    83

Table legend:
 A = Non-vault XP
 B = Vault XP
 C = Vault XP percentage of total XP
 D = Non-vault monster count
 E = Vault monster count
 F = Vault count percentage of total count
                 A         B        C        D         E       F
            +---------+---------+-------+---------+---------+-------
      Total |     269 |      89 |  24.9 |      64 |      12 |  15.8
            +---------+---------+-------+---------+---------+-------
        D:1 |      22 |       0 |   0.0 |      13 |       0 |   0.0
        D:2 |      52 |       0 |   0.0 |      25 |       0 |   0.0
        D:3 |      81 |      89 |  52.4 |      14 |      12 |  46.2
        D:4 |     107 |       0 |   0.0 |      10 |       0 |   0.0
        D:5 |       7 |       0 |   0.0 |       2 |       0 |   0.0
            +---------+---------+-------+---------+---------+-------
